 Dungeon Crawl Stone Soup version 0.28.0 (webtiles) character file.

Game seed: 7952962909379597883

18 SnakkuSnakku7 the Skirmisher (level 2, 0/27 HPs)
             Began as a Minotaur Fighter on Feb 14, 2022.
             Succumbed to a gnoll's poison
             ... on level 1 of the Dungeon.
             The game lasted 00:00:40 (575 turns).

SnakkuSnakku7 the Skirmisher (Minotaur Fighter)      Turns: 575, Time: 00:00:41

Health: 0/27       AC:  7    Str: 20    XL:     2   Next: 48%
Magic:  1/1        EV:  9    Int:  5    God:
Gold:   26         SH:  4    Dex:  9    Spells: 1/1 levels left

rFire   . . .      SeeInvis .   a - +0 war axe
rCold   . . .      Faith    .   c - +0 buckler
rNeg    . . .      Spirit   .   b - +0 scale mail
rPois   .          Reflect  .   (helmet restricted)
rElec   .          Harm     .   (no cloak)
rCorr   .          Rampage  .   (no gloves)
Will    .....                   (no boots)
Stlth   ..........              (no amulet)
HPRegen 0.09/turn               (no ring)
MPRegen 0.07/turn               (no ring)

@: lethally poisoned (0 -> -3)
A: horns 2, retaliatory headbutt
a: no special abilities


You were on level 1 of the Dungeon.
You visited 1 branch of the dungeon, and saw 2 of its levels.

You collected 26 gold pieces.

Inventory:

Hand Weapons
 a - a +0 war axe (weapon)
Armour
 b - a +0 scale mail (worn)
 c - a +0 buckler (worn)
Scrolls
 e - a scroll of magic mapping {unknown}
 f - a scroll of identify {unknown}
 g - a scroll of noise {unknown}
Potions
 d - a potion of might


   Skills:
 + Level 4.0 Fighting
 + Level 3.0 Axes
 + Level 4.0 Armour
 - Level 3.6 Shields


You had one spell level left.
You didn't know any spells.
Your spell library was empty.

Dungeon Overview and Level Annotations

Branches:
Dungeon (2/15)

Altars:
Dithmenos
Xom


Innate Abilities, Weirdness & Mutations

You have a pair of horns on your head.
You reflexively headbutt those who attack you in melee.


Message History

A goblin is nearby!
A goblin is nearby!
A gnoll comes into view. It is wielding a +0 spear.
The gnoll shouts!
A frilled lizard comes into view.
A gnoll and a goblin come into view.
The gnoll is wielding a +1 spear of venom.
The frilled lizard hisses angrily.
The gnoll shouts!
The goblin hits you with a +0 dagger.
A gnoll comes into view. It is wielding a +0 flail.
The gnoll shouts!
You slash the goblin!
You kill the goblin!
The gnoll hits you from afar with a +0 spear.
The gnoll hits you from afar with a +0 spear.
A gnoll comes into view. It is wielding a +0 club.
You block the gnoll's attack.
The frilled lizard bites you but does no damage.
There is a shimmering altar of Xom here.
There is a stone staircase leading up here.
The gnoll hits you from afar with a +0 spear.
The gnoll hits you from afar with a +1 spear of venom.
You are lethally poisoned!
The frilled lizard closely misses you. You furiously retaliate!
You headbutt the frilled lizard!
You kill the frilled lizard!
You climb upwards.
* * * LOW HITPOINT WARNING * * *
You feel very sick.
There is a stone staircase leading down here.
Okay, then.
* * * LOW HITPOINT WARNING * * *
You feel sick.
* * * LOW HITPOINT WARNING * * *
You feel sick.
* * * LOW HITPOINT WARNING * * *
You feel sick.
* * * LOW HITPOINT WARNING * * *
You feel sick.
You die...

#.# #.#
#........#..⌠..... #.#
#.# #........#........
####.#### #.#
#........##.^.####
#.......# #.#
#........###'##
#.......###.####........#
#..###
#.......................#
##...##
#.......####............#
###... #.......#
#####........# ####
######### #....@.......#
# #.###........### ###.#
##########.# #...#
######.#######
##.#########.............
#.....................###
############..........#
############


There were no monsters in sight!

Vanquished Creatures
  2 ball pythons (D:1)
  An endoplasm (D:1)
  A giant cockroach (D:1)
  4 goblins
  2 hobgoblins (D:1)
  A kobold (D:1)
  A bat (D:1)
  A frilled lizard (D:2)
  2 rats
15 creatures vanquished.

Notes
Turn   | Place    | Note
-------+----------+-------------------------------------------
     0 | D:1      | SnakkuSnakku7 the Minotaur Fighter began the quest for the
                  | Orb.
     0 | D:1      | Reached XP level 1. HP: 19/19 MP: 0/0
   125 | D:1      | Found a faded altar of an unknown god.
   129 | D:1      | Reached XP level 2. HP: 27/27 MP: 1/1
   136 | D:1      | Prayed at the altar of an unknown god.
   136 | D:1      | Became a worshipper of Dithmenos the Shadowed
   136 | D:1      | Reached * piety under Dithmenos
   137 | D:1      | Fell from the grace of Dithmenos
   528 | D:2      | Found a shimmering altar of Xom.
   574 | D:1      | HP: 1/27 [poisoned by a gnoll]
   575 | D:1      | Succumbed to a gnoll's poison

Illustrated notes

Levels and vault maps discovered:
D:1:      minmay_arrival_split_and_join, layout_rooms, basic_ecumenical_altar
D:2:      minmay_razor_zed, layout_basic, basic_altar

Skill      XL: |  1  2 |
---------------+-------+-----
Fighting       | 4 |  4.0
Armour         | 4 |  4.0
Axes           | 3 |  3.0
Shields        | |  3.6

Action                   || total
-------------------------++-------
Melee: War axe           ||    25
       Headbutt          ||     2
Invok: Renounce Religion ||     1
Armor: Scale mail        ||    14
Dodge: Dodged            ||     8
Block: Buckler           ||    11
